 Dungeon Crawl Stone Soup version 0.26.0-9-gab577f9fc5 (webtiles) character file.

Game seed: 7947760193657735104

208 Delamore the Skirmisher (level 5, -1/34 HPs)
             Began as a Gargoyle Fighter on Jan 13, 2021.
             Slain by a mummy (7 damage)
             ... in an ossuary.
             The game lasted 00:03:13 (3038 turns).

Delamore the Skirmisher (Gargoyle Fighter)          Turns: 3038, Time: 00:03:13

Health: -1/34      AC: 10    Str: 21    XL:     5   Next: 86%
Magic:  5/5        EV:  7    Int:  8    God:
Gold:   188        SH:  0    Dex:  5    Spells: 4/4 levels left

rFire    . . .     SeeInvis .   a - +1 flail
rCold    . . .     Faith    .   c - +0 kite shield
rNeg     + . .     Spirit   .   b - +0 scale mail
rPois    ∞         Reflect  .   (no helmet)
rElec    +         Harm     .   (no cloak)
rCorr    .         Rampage  .   (no gloves)
Will     .....                  (no boots)
Stlth    ..........             (no amulet)
HPRegen  0.11/turn              (no ring)
MPRegen  0.09/turn              w - -4 ring of dexterity (curse)

@: confused, brilliant, flying, very slightly contaminated, invisible
A: negative energy resistance 1, electricity resistance, unbreathing,
petrification resistance, miasma immunity, AC +4
a: no special abilities


You were in an ossuary.
You visited 1 branch of the dungeon, and saw 4 of its levels.
You also visited: Ossuary.

You collected 188 gold pieces.

Inventory:

Hand Weapons
 a - a +1 flail (weapon)
Missiles
 p - 33 poisoned darts (quivered)
Armour
 b - a +0 scale mail (worn)
 c - a +0 kite shield (worn)
 n - a +0 plate armour
Jewellery
 v - an uncursed ring of fire
 w - a cursed -4 ring of dexterity (right hand)
Scrolls
 g - a scroll of immolation {unknown}
 h - a scroll of amnesia {unknown}
 l - a scroll of magic mapping
 m - 5 scrolls of teleportation
 o - a scroll of fog {unknown}
 q - a scroll of remove curse {unknown}
 r - a scroll of fear
 s - a scroll of enchant weapon
 t - a scroll of noise
Potions
 d - 2 potions of might


   Skills:
 + Level 4.8 Fighting
 + Level 3.7 Maces & Flails
 - Level 3.2 Armour
 + Level 4.8 Shields


You had 4 spell levels left.
You didn't know any spells.
Your spell library contained the following spells:

 Spells                   Type           Power        Failure   Level
 Magic Dart               Conj           0%           99%         1
 Searing Ray              Conj           0%           100%        2
 Dazzling Flash           Conj/Hex       0%           100%        3
 Fulminant Prism          Conj/Hex       0%           100%        4
 Iskenderun's Mystic Bla  Conj/Tloc      0%           100%        4


Dungeon Overview and Level Annotations

Branches:
Dungeon (4/15)             Temple (0/1) D:4         Ossuary (1/1)

Altars:
Sif Muna


Innate Abilities, Weirdness & Mutations

You are resistant to torment.
Your stone body is resilient. (AC +4)
You are immune to poison.
You resist negative energy. (rN+)
You are resistant to electric shocks. (rElec)
You can survive without breathing.
You are immune to petrification.
You are immune to miasma.


Message History

You block the mummy's attack.
You feel better. The mummy hits you but does no damage.
It was a potion of flight.
You feel very buoyant.
You fly up into the air.
You block the mummy's attack.
It was a potion of magic.
Magic courses through your body. You block the mummy's attack.
It was a potion of invisibility.
You fade into invisibility!
You block the mummy's attack. x2
You are very lightly contaminated with residual magic.
It was a potion of brilliance.
You feel clever all of a sudden. You block the mummy's attack.
It was a potion of ambrosia.
You are confused.
You feel invigorated. The mummy hits you!
* * * LOW HITPOINT WARNING * * *
You bump into the stone wall.
The mummy hits you!
You die...

#..# #..#
############# +..#
.......#....###..#
.......#....#.#..#
.!??M..'....#.#..#
?!$!?..#MM..'.'..#
?$∩$M..########..#
?!$?M..#...@MM#..#
.!!?...#...M#.#..#
.......#....#.'..#
.......#....###..#
#############.#..#
#.#..# #.'..#
###..# #..#


You could see 3 mummies.

Vanquished Creatures
  A centaur zombie (Ossuary)
  An orc wizard (D:2)
  A worker ant (D:3)
  3 mummies (Ossuary)
  An adder (D:2)
  2 worms
  2 dart slugs (D:3)
  3 leopard geckos (D:3)
  7 orcs
  4 goblins
  6 hobgoblins
  2 jackals (D:2)
  6 kobolds
  A quokka (D:2)
  7 bats
  3 frilled lizards
  A goblin zombie (Ossuary)
  A hobgoblin zombie (Ossuary)
  8 rats
60 creatures vanquished.

Vanquished Creatures (others)
  7 plants (D:1)
7 creatures vanquished.

Grand Total: 67 creatures vanquished

Notes
Turn   | Place    | Note
-------+----------+-------------------------------------------
     0 | D:1      | Delamore the Gargoyle Fighter began the quest for the Orb.
     0 | D:1      | Reached XP level 1. HP: 14/14 MP: 1/1
   147 | D:1      | Reached XP level 2. HP: 19/19 MP: 2/2
  1035 | D:2      | Reached XP level 3. HP: 24/24 MP: 3/3
  1569 | D:2      | Found a shimmering blue altar of Sif Muna.
  1677 | D:3      | Found a shimmering blue altar of Sif Muna.
  1850 | D:2      | Reached XP level 4. HP: 26/29 MP: 4/4
  2366 | D:3      | Reached XP level 5. HP: 29/34 MP: 5/5
  2788 | D:4      | Found a sand-covered staircase.
  2793 | Ossuary  | Entered an ossuary
  3031 | Ossuary  | HP: 1/34 [mummy (13)]
  3038 | Ossuary  | Slain by a mummy

Illustrated notes

Levels and vault maps discovered:
D:1:      mrwooster_arrival_statue_3, layout_basic, chequers_big_river
D:2:      layout_loops_ring, lemuel_blue_sif_altar
D:3:      layout_basic, lemuel_round_altar, moated_statue,
          kennysheep_generic_room_13
D:4:      layout_basic, okawaru_altar_gauntlet_db,
          minmay_temple_entry_overgrown, enter_ossuary_5, minmay_surrounded
Ossuary:  ossuary_boxes_badplayer

Skill      XL: |  1  2  3 |
---------------+----------+-----
Fighting       | 4 |  4.8
Shields        | 4 |  4.8
Maces & Flails | 3 |  3.7
Armour         | |  3.2

Action                   |  1- 3 |  4- 6 || total
-------------------------+-------+-------++-------
Melee: Flail             |   136 |    83 ||   219
Throw: Dart              |     4 |     7 ||    11
  Use: Potion            |       |     8 ||     8
       Scroll            |       |     5 ||     5
Armor: Scale mail        |    95 |    34 ||   129
Dodge: Dodged            |    39 |    27 ||    66
Block: Kite shield       |    78 |    43 ||   121
